 Dungeon Crawl Stone Soup version 0.26.0-41-g79a4fc7684 (webtiles) character file.

Game seed: 15209432829743825852

173 Descartes the Conjurer (level 5, -7/28 HPs)
             Began as a Deep Elf Conjurer on Jan 26, 2021.
             Shot with an arrow by a centaur (15 damage)
             ... on level 3 of the Dungeon.
             The game lasted 00:07:33 (3615 turns).

Descartes the Conjurer (Deep Elf Conjurer)          Turns: 3615, Time: 00:07:34

Health: -7/28      AC:  2    Str:  4    XL:     5   Next: 28%
Magic:  7/13       EV: 14    Int: 24    God:
Gold:   159        SH:  0    Dex: 13    Spells: 12/13 levels left

rFire    . . .     SeeInvis .   j - +0 falchion
rCold    + . .     Faith    .   (no shield)
rNeg     + . .     Spirit   .   a - +0 robe
rPois    .         Reflect  .   (no helmet)
rElec    .         Harm     .   (no cloak)
rCorr    .         Rampage  .   (no gloves)
Will     .....                  (no boots)
Stlth    +++.......             (no amulet)
HPRegen  0.09/turn              g - ring of positive energy (curse)
MPRegen  0.13/turn              p - ring of protection from cold

@: no status effects
A: no striking features
a: no special abilities


You were on level 3 of the Dungeon.
You visited 1 branch of the dungeon, and saw 3 of its levels.

You collected 159 gold pieces.

Inventory:

Hand Weapons
 c - a +0 dagger
 j - a +0 falchion (weapon)
 s - a +0 dagger of draining
Missiles
 b - 104 stones
 o - 36 arrows
Armour
 a - a +0 robe (worn)
Jewellery
 g - a cursed ring of positive energy (left hand)
 p - a ring of protection from cold (right hand)
 w - an uncursed amulet of the acrobat {unknown}
Scrolls
 k - a scroll of enchant weapon {unknown}
 l - 4 scrolls of teleportation {unknown}
 n - 2 scrolls of immolation {unknown}
 q - a scroll of amnesia {unknown}
 r - 2 scrolls of remove curse {unknown}
 t - 2 scrolls of enchant armour {unknown}
 u - a scroll of magic mapping {unknown}
Potions
 d - 3 potions of curing {unknown}
 e - 2 potions of haste {unknown}
 f - a potion of ambrosia {unknown}
 h - 2 potions of heal wounds {unknown}
 i - a potion of attraction {unknown}
 m - 2 potions of flight {unknown}
 v - a potion of brilliance {unknown}


   Skills:
 + Level 3.9 Dodging
 + Level 4.1 Stealth
 + Level 4.5 Spellcasting
 + Level 5.2 Conjurations


You had 12 spell levels left.
You knew the following spells:

 Your Spells              Type           Power        Failure   Level
a - Magic Dart            Conj           100%         1%          1

Your spell library contained the following spells:

 Spells                   Type           Power        Failure   Level
 Searing Ray              Conj           60%          1%          2
 Dazzling Flash           Conj/Hex       36%          10%         3
 Fulminant Prism          Conj/Hex       9%           30%         4
 Iskenderun's Mystic Bla  Conj/Tloc      18%          30%         4


Dungeon Overview and Level Annotations

Branches:
Dungeon (3/15)

Altars:
Kikubaaqudgha
Wu Jian


Message History

Casting: Magic Dart (safe; 1% risk of failure)
Confirm with . or Enter, or press ? or * to list all spells.
Aiming: Magic Dart (safe; 1% risk of failure)
Press: ? - help, Shift-Dir - straight line, f/p - centaur
Aim: a centaur, wielding a +0 shortbow and quivering 5 arrows (heavily wounded, 0% to evade)
The magic dart hits the centaur.
The centaur is heavily wounded.
The centaur shoots an arrow.
The arrow hits you.
Casting: Magic Dart (safe; 1% risk of failure)
Confirm with . or Enter, or press ? or * to list all spells.
Aiming: Magic Dart (safe; 1% risk of failure)
Press: ? - help, Shift-Dir - straight line, f/p - centaur
Aim: a centaur, wielding a +0 shortbow and quivering 4 arrows (heavily wounded, 0% to evade)
The magic dart hits the centaur but does no damage.
The centaur is heavily wounded.
The centaur shoots an arrow.
The arrow hits you!
* * * LOW HITPOINT WARNING * * *
The centaur shoots an arrow.
The arrow hits you!
Ouch! That really hurt!
You die...

#..# #.#.#. #. #..#
#.#.#. .. #..# #.#.#. #.
#..# #.#... .
##..####..# #.#.#. .w
.........#####.#..)
.##.##.......†).†...####
c......######.####......
#....@...........#####
##################


You could see a centaur and a worm.

Vanquished Creatures
  Natasha (thrice) (D:1)
  2 adders
  2 oozes (D:2)
  A worm (D:2)
  5 dart slugs
  3 leopard geckos
  2 orcs (D:3)
  9 bats
  A giant cockroach (D:1)
  4 goblins
  6 hobgoblins
  5 frilled lizards
  12 kobolds
  7 rats
62 creatures vanquished.

Vanquished Creatures (others)
  A withered plant (D:2)
1 creature vanquished.

Grand Total: 63 creatures vanquished

Notes
Turn   | Place    | Note
-------+----------+-------------------------------------------
     0 | D:1      | Descartes the Deep Elf Conjurer began the quest for the
                  | Orb.
     0 | D:1      | Reached XP level 1. HP: 10/10 MP: 6/6
   183 | D:1      | Reached XP level 2. HP: 3/15 MP: 1/8
  1274 | D:2      | Noticed Natasha
  1282 | D:1      | Killed Natasha
  1283 | D:1      | Reached XP level 3. HP: 19/19 MP: 3/10
  1380 | D:2      | Found an ancient bone altar of Kikubaaqudgha.
  1498 | D:2      | Reached XP level 4. HP: 24/24 MP: 4/11
  1883 | D:2      | Reached skill level 5 in Conjurations
  2004 | D:2      | Found an ornate altar of the Wu Jian Council.
  2361 | D:2      | Found an ancient bone altar of Kikubaaqudgha.
  2411 | D:2      | Found an ornate altar of the Wu Jian Council.
  2609 | D:1      | Noticed Natasha
  2614 | D:1      | Killed Natasha
  2717 | D:1      | Noticed Natasha
  2720 | D:1      | Killed Natasha
  2721 | D:1      | Reached XP level 5. HP: 28/28 MP: 9/13
  3609 | D:3      | Noticed a centaur
  3615 | D:3      | Shot with an arrow by a centaur

Illustrated notes

Levels and vault maps discovered:
D:1:      dpeg_arrival_pond, layout_loops_ring
D:2:      layout_rooms, lemuel_round_altar, kiku_gazebo_garden_becter,
          uniq_natasha
D:3:      layout_loops_ring, nicolae_dithmenos_through_a_glass_darkly,
          minmay_surrounded

Skill      XL: |  1  2  3  4 |
---------------+-------------+-----
Stealth        | 3 4 |  4.1
Dodging        | 3 |  3.9
Spellcasting   | 4 |  4.5
Conjurations   | 5 |  5.2

Action                   |  1- 3 |  4- 6 || total
-------------------------+-------+-------++-------
Melee: Unarmed           |     2 |       ||     2
 Cast: Magic Dart        |    66 |    69 ||   135
  Use: Scroll            |       |     1 ||     1
Dodge: Dodged            |     5 |     9 ||    14
       Rpst.: Falchion   |       |     1 ||     1
